 Dungeon Crawl Stone Soup version 0.27-a0-1579-g97d2440184 (webtiles) character file.

Game seed: 2845076132979249351

447 freelancePsychic the Sneak (level 6, -2/44 HPs)
             Began as a Demonspawn Brigand on July 17, 2021.
             Was a Follower of Ru.
             Slain by a gnoll (3 damage)
             ... on level 5 of the Dungeon on July 18, 2021.
             The game lasted 00:09:54 (5412 turns).

freelancePsychic the Sneak (Demonspawn Brigand)     Turns: 5412, Time: 00:09:55

Health: -2/44      AC:  3    Str: 12    XL:     6   Next: 73%
Magic:  5/10       EV: 11    Int: 14    God:    Ru [*.....]
Gold:   152        SH:  4    Dex: 14    Spells: 10/11 levels left

rFire    . . .     SeeInvis .   a - +2 dagger
rCold    . . .     Faith    .   (no shield)
rNeg     . . .     Spirit   .   b - +0 robe
rPois    .         Reflect  .   (helmet restricted)
rElec    .         Harm     .   c - +0 cloak
rCorr    .         Rampage  .   (no gloves)
Will     .....                  (no boots)
Stlth    +++.......             (no amulet)
HPRegen  0.14/turn              (no ring)
MPRegen  0.12/turn              (no ring)

@: unable to drink
A: no potions, antennae 1, inability to drink while threatened, condensation
shield, demonic magic 1
a: Renounce Religion


You were on level 5 of the Dungeon.
You worshipped Ru.
Ru was aware of your devotion.
You visited 2 branches of the dungeon, and saw 6 of its levels.

You collected 152 gold pieces.

Inventory:

Hand Weapons
 a - a +2 dagger (weapon)
Missiles
 d - 18 poisoned darts
 e - 2 curare-tipped darts (quivered)
Armour
 b - a +0 robe (worn)
 c - a +0 cloak (worn)
Wands
 l - a wand of acid (6)
Scrolls
 f - 2 scrolls of teleportation {@r4}
 h - a scroll of fog {unknown}
 i - a scroll of enchant weapon {unknown}
 j - 2 scrolls of identify {unknown}
 k - a scroll of fear {unknown}
 m - a scroll of vulnerability {unknown}
 p - a scroll of torment {unknown}
Potions
 g - a potion of magic {unknown}
 n - a potion of resistance
 o - a potion of brilliance {unknown}


   Skills:
 - Level 2.0 Fighting
 - Level 2.2 Short Blades
 - Level 1.7 Throwing
 - Level 0.8 Dodging
 - Level 3.9 Stealth
 + Level 3.2 Spellcasting
 + Level 3.6 Conjurations
 + Level 3.1 Fire Magic


You had 10 spell levels left.
You knew the following spells:

 Your Spells              Type           Power      Damage    Failure   Level
a - Foxfire               Conj/Fire      44%        2x1d6     5%          1

Your spell library contained the following spells:

 Spells                   Type           Power      Damage    Failure   Level
 Magic Dart               Conj           48%        1d5       4%          1
 Conjure Flame            Conj/Fire      11%        6-21      16%         3
 Corona                   Hex            2%         N/A       22%         1
 Call Imp                 Summ           2%         N/A       32%         2
 Ensorcelled Hibernation  Hex/Ice        4%         N/A       32%         2
 Inner Flame              Hex/Fire       6%         N/A       32%         3
 Mephitic Cloud           Conj/Pois/Air  5%         N/A       36%         3
 Tukima's Dance           Hex            2%         N/A       54%         3


Dungeon Overview and Level Annotations

Branches:
Dungeon (5/15)             Temple (1/1) D:4

Altars:
Ashenzari
Cheibriados
Dithmenos
Elyvilon
Fedhas
Gozag
Nemelex Xobeh
Okawaru
Ru
Sif Muna
Uskayaw
Vehumet
Xom
Zin


Innate Abilities, Weirdness & Mutations

You cannot drink.
You have a pair of small antennae on your head.
You sometimes lose the ability to drink potions when taking damage.
A meltable shield of frost defends you. (SH +4)
Spells you cast may paralyse adjacent enemies.


Message History

You conjure some foxfire!
Malevolent energies surge around you.
The foxfire hits the gnoll shaman but does no damage.
The gnoll shaman is severely wounded.
The foxfire hits the gnoll shaman but does no damage.
The gnoll shaman is severely wounded.
The gnoll shaman hits you with a +0 whip!
You feel threatened and lose the ability to drink potions!
Casting: Foxfire (safe; 5% risk of failure)
Confirm with . or Enter, or press ? or * to list all spells.
You conjure some foxfire!
Malevolent energies surge around you.
The foxfire hits the gnoll shaman but does no damage.
The gnoll shaman is severely wounded.
The foxfire hits the gnoll shaman.
The gnoll shaman is almost dead.
The foxfire hits the gnoll.
The gnoll is lightly wounded.
The gnoll shaman hits you with a +0 whip!
* * * LOW HITPOINT WARNING * * *
The gnoll hits you with a +0 whip.
* * * LOW HITPOINT WARNING * * *
The foxfire hits the gnoll.
The gnoll is moderately wounded.
The gnoll shaman calls upon its god to speed up the gnoll.
The gnoll seems to speed up.
The gnoll is stunned by your conviction and fails to attack.
A centaur comes into view.
The gnoll shaman calls upon its god to speed up the gnoll.
The gnoll seems to speed up.
The gnoll shaman mumbles some strange prayers to its god.
The gnoll shaman is healed somewhat.
The gnoll hits you with a +0 whip.
* * * LOW HITPOINT WARNING * * *
The gnoll hits you but does no damage. The gnoll closely misses you.
The gnoll misses you. The gnoll hits you with a +0 whip.
* * * LOW HITPOINT WARNING * * *
You cannot drink potions in your current state!
The gnoll misses you.
There is a stone staircase leading up here.
The gnoll barely misses you. The gnoll hits you with a +0 whip.
You die...

#### ... ..###
.... .(#
#######c#
#..@..#.#
#ggg#.#.#
#..##.#.#
#.c.{c..######
#....g.....$.#
####.........#
#.........#
#...........
#...........


You could see a centaur and 3 gnolls.

Vanquished Creatures
  Sigmund (D:3)
  A necrophage (D:4)
  A water moccasin skeleton (D:4)
  An iguana (D:5)
  A mummy (D:4)
  3 adders
  A dart slug (D:4)
  7 orcs
  2 ball pythons
  5 bats
  7 endoplasms
  6 giant cockroaches
  7 goblins
  4 hobgoblins
  15 jackals
  4 frilled lizards
  7 kobolds
  6 rats
79 creatures vanquished.

Vanquished Creatures (collateral kills)
  2 foxfires (D:4)
2 creatures vanquished.

Vanquished Creatures (others)
  125 foxfires
  6 plants (D:4)
131 creatures vanquished.

Grand Total: 212 creatures vanquished

Notes
Turn   | Place    | Note
-------+----------+-------------------------------------------
     0 | D:1      | freelancePsychic the Demonspawn Brigand began the quest for
                  | the Orb.
     0 | D:1      | Reached XP level 1. HP: 16/16 MP: 1/1
   306 | D:1      | Gained mutation: A meltable shield of frost defends you.
                  | (SH +4) [demonic ancestry]
   306 | D:1      | Reached XP level 2. HP: 9/22 MP: 2/2
   606 | D:1      | Learned a level 1 spell: Foxfire
  1144 | D:1      | Reached XP level 3. HP: 25/27 MP: 3/3
  1235 | D:1      | Reached skill level 1 in Conjurations
  1259 | D:1      | Found a faded altar of an unknown god.
  1624 | D:2      | Reached skill level 1 in Spellcasting
  1624 | D:2      | Reached skill level 1 in Fire Magic
  3117 | D:3      | Gained mutation: Spells you cast may paralyse adjacent
                  | enemies. [demonic ancestry]
  3117 | D:3      | Reached XP level 4. HP: 33/33 MP: 6/6
  3453 | D:3      | Found a sacrificial altar of Ru.
  3458 | D:3      | Became a worshipper of Ru the Awakened
  3588 | D:3      | Noticed Sigmund
  3874 | D:4      | Noticed a necrophage
  3902 | D:3      | Killed Sigmund
  3903 | D:3      | Reached XP level 5. HP: 31/38 MP: 3/8
  4396 | D:4      | Found a staircase to the Ecumenical Temple.
  4414 | Temple   | Entered the Ecumenical Temple
  4467 | D:4      | Gained mutation: You have a pair of small antennae on your
                  | head. [demonic ancestry]
  4467 | D:4      | Reached XP level 6. HP: 44/44 MP: 5/10
  4897 | D:4      | Gained mutation: You sometimes lose the ability to drink
                  | potions when taking damage. [Ru sacrifice]
  4897 | D:4      | Reached * piety under Ru
  5234 | D:4      | Found a snail-covered altar of Cheibriados.
  5384 | D:5      | Entered Level 5 of the Dungeon
  5409 | D:5      | HP: 1/44 [gnoll (3)]
  5412 | D:5      | Slain by a gnoll

Illustrated notes

Levels and vault maps discovered:
D:1:      sevenhm_arrival_forest_fort_small_3, layout_basic,
          hellmonk_ecumenical_altar_blasted, chequers_serial_rivers_micro_b
D:2:      layout_loops_corners, kennysheep_big_empty_room
D:3:      kennysheep_big_flooded_room, layout_loops_ring, lemuel_doored_altar,
          serial_co_window_serial, co_window_corner_a,
          co_window_of_opportunity_a, co_window_corner_a, co_window_corner_a,
          co_window_paths_a, co_window_unsneaky_path_b, co_window_corner_cb,
          co_window_corner_b, co_window_4corner_a, glass_columns_a,
          glass_columns_a, glass_columns_b, uniq_sigmund
D:4:      layout_loops_ring, chei_slow_surprise,
          minmay_temple_entry_drinking_statues, serial_bayou,
          serial_bayou_crossing, serial_bayou_pond_a, serial_bayou_pond_d,
          serial_bayou_ford_a, serial_bayou_shore_b
D:5:      layout_basic, nicolae_wu_jian_wuxing_cycle,
          mainiacjoe_overflow_tiny_flanked, mainiacjoe_overflow_catwalk,
          moated_statue, uniq_pikel
Temple:   nicolae_temple_no_exploring_needed

Skill      XL: |  1  2  3  4  5  6 |
---------------+-------------------+-----
Short Blades   | 2 |  2.2
Conjurations   | 1 2 3 |  3.6
Spellcasting   | 1 2 3 |  3.2
Fire Magic     | 1 2 3 |  3.1
Fighting       | |  2.0
Throwing       | |  1.7
Dodging        | |  0.8
Stealth        | |  3.9

Action                   |  1- 3 |  4- 6 || total
-------------------------+-------+-------++-------
Melee: Dagger            |    85 |    41 ||   126
Throw: Dart              |    52 |     3 ||    55
 Cast: Foxfire           |    22 |    57 ||    79
Invok: Sacrifice Drink   |       |     1 ||     1
  Use: Potion            |     1 |     1 ||     2
       Scroll            |       |     2 ||     2
 Stab: Sleeping          |     3 |     9 ||    12
       Paralysed         |       |     3 ||     3
Armor: Robe              |    16 |     8 ||    24
Dodge: Dodged            |    62 |    24 ||    86
Block: Other             |     9 |     7 ||    16

Table legend: (Time is in decaauts)
 A = Elapsed time spent in this place.
 B = Non-inter-level travel time spent in this place.
 C = Inter-level travel time spent in this place.
 D = Time resting spent in this place.
 E = Time spent auto-exploring this place.
 F = Levels seen in this place.
 G = Mean time per level.
                   A        B        C        D        E       F      G
               +--------+--------+--------+--------+--------+-----+--------+
         Total |   5420 |   5199 |    221 |      8 |   4531 |   6 |  903.3 |
       Dungeon |   5418 |   5197 |    221 |      8 |   4531 |   5 | 1083.6 |
        Temple |      1 |      1 |      0 |      0 |      0 |   1 |    1.0 |
               +--------+--------+--------+--------+--------+-----+--------+

Top non-repeatable levels by time:
     D:2: 1583 daAuts
     D:1: 1347 daAuts
     D:4: 1236 daAuts
     D:3: 1223 daAuts
     D:5: 27 daAuts
  Temple: 1 daAuts
